 Dungeon Crawl Stone Soup version 0.21.0-37-g46506fa (webtiles) character file.

109 Goblin1989 the Cutter (level 5, -1/32 HPs)
             Began as a Kobold Berserker on Jan 29, 2018.
             Was a Believer of Trog.
             Slain by a gnoll (4 damage)
             ... on level 3 of the Dungeon on Jan 31, 2018.
             The game lasted 00:08:30 (3253 turns).

Goblin1989 the Cutter (Kobold Berserker)            Turns: 3253, Time: 00:08:31

Health: -1/32      AC:  3    Str: 14    XL:     5   Next: 13%
Magic:  5/5        EV: 15    Int:  8    God:    Trog [**....]
Gold:   101        SH:  0    Dex: 16    Spells: 4/4 levels left

rFire    . . .     SeeInvis .   a - +0 short sword
rCold    . . .     Gourm    .   (shield restricted)
rNeg     . . .     Faith    .   b - +0 animal skin
rPois    .         Spirit   .   (no helmet)
rElec    .         Reflect  .   (no cloak)
rCorr    .         Harm     .   j - +0 pair of gloves
MR       ++...                  (no boots)
Stlth    ++........             (no amulet)
HPRegen  1.10/turn              (no ring)
MPRegen  0.09/turn              (no ring)

@: regenerating
A: small, carnivore
a: Berserk, Trog's Hand, Burn Spellbooks, Renounce Religion


You were on level 3 of the Dungeon.
You worshipped Trog.
Trog was pleased with you.
You were completely stuffed.

You visited 1 branch of the dungeon, and saw 3 of its levels.

You collected 101 gold pieces.

Inventory:

Hand Weapons
 a - a +0 short sword (weapon)
 o - a +1 dagger of speed
 w - a +0 blowgun {@w1}
Missiles
 x - 3 poisoned needles
Armour
 b - a +0 animal skin (worn)
 j - a +0 pair of gloves (worn)
Jewellery
 r - an uncursed ring of fire
Scrolls
 g - 2 scrolls of magic mapping {unknown}
 h - 2 scrolls of fear {unknown}
 k - 3 scrolls of identify {unknown}
 n - 4 scrolls of teleportation {unknown}
 p - a scroll of amnesia {unknown}
 t - a scroll of remove curse {unknown}
Potions
 f - 2 potions of curing {unknown}
 l - a potion of cancellation {unknown}
 q - 2 potions of brilliance {unknown}
 v - a potion of invisibility {unknown}
Comestibles
 e - 3 rations
 u - 2 chunks of flesh


   Skills:
 - Level 3.2 Fighting
 * Level 7.1 Short Blades
 - Level 1.5 Armour
 - Level 2.4 Dodging
 + Level 0.7 Stealth


You had 4 spell levels left.
You didn't know any spells.

Dungeon Overview and Level Annotations

Branches:
Dungeon (3/15)

Altars:
Fedhas
Nemelex Xobeh


Innate Abilities, Weirdness & Mutations

You are small and have problems with some larger weapons.
You are carnivorous and can eat meat at any time.


Message History

2 gnolls come into view.
There are monsters nearby!
The gnoll shouts! x2
You hit the gnoll.
The gnoll is moderately wounded.
The gnoll misses you. The gnoll hits you with a whip.
You take 3 damage, and have 29/32 hp.
You closely miss the gnoll.
The gnoll is moderately wounded.
You hit the gnoll.
The gnoll is heavily wounded.
The gnoll hits you.
A gnoll comes into view. It is wielding a flail.
You take 6 damage, and have 23/32 hp.
You closely miss the gnoll.
The gnoll is moderately wounded.
The gnoll misses you.
You barely miss the gnoll.
The gnoll is moderately wounded.
You hit the gnoll but do no damage.
The gnoll is moderately wounded.
The gnoll hits you! The gnoll closely misses you.
You take 7 damage, and have 16/32 hp.
MASSIVE DAMAGE!!
You are too injured to fight recklessly!
You are too injured to fight recklessly!
You are too injured to fight recklessly!
You are too injured to fight recklessly!
You are too injured to fight recklessly!
You are too injured to fight recklessly!
You are too injured to fight recklessly!
You are too injured to fight recklessly!
You are too injured to fight recklessly!
You are too injured to fight recklessly!
You are too injured to fight recklessly!
You are too injured to fight recklessly!
You are too injured to fight recklessly!
You are too injured to fight recklessly!
You are too injured to fight recklessly!
You are too injured to fight recklessly!
You are too injured to fight recklessly!
You are too injured to fight recklessly!
You are too injured to fight recklessly!
You are too injured to fight recklessly!
You are too injured to fight recklessly!
You are too injured to fight recklessly!
You are too injured to fight recklessly!
You are too injured to fight recklessly!
Wield which item (- for none, * to show all)? (? for menu, Esc to quit)
w - a +0 blowgun (weapon)
{@w1} Firing (i - inventory):
x - 6 poisoned needles (quivered)
Press: ? - help, Shift-Dir - straight line, f - gnoll
Aim: a gnoll (moderately wounded)
You shoot a poisoned needle. The poisoned needle hits the gnoll.
The gnoll is poisoned.
The gnoll is moderately wounded.
The gnoll misses you.
a - a +0 short sword (weapon)
You hit the gnoll.
The gnoll is lightly wounded.
You hit the gnoll.
The gnoll is moderately wounded.
You hit the gnoll.
The gnoll is severely wounded.
The gnoll hits you with a flail.
* * * LOW HITPOINT WARNING * * *
You take 4 damage, and have 12/32 hp.
Wield which item (- for none, * to show all)? (? for menu, Esc to quit)
w - a +0 blowgun (weapon)
{@w1} Firing (i - inventory):
x - 5 poisoned needles (quivered)
Press: ? - help, Shift-Dir - straight line, f - gnoll
Aim: a gnoll, wielding a flail (severely wounded)
You shoot a poisoned needle.
The poisoned needle closely misses the gnoll.
The gnoll misses you.
Firing (i - inventory):
x - 4 poisoned needles (quivered)
Press: ? - help, Shift-Dir - straight line, f/p - gnoll
Aim: a gnoll, wielding a flail (severely wounded)
You shoot a poisoned needle. The poisoned needle hits the gnoll.
The gnoll is poisoned.
The gnoll is severely wounded.
The gnoll closely misses you.
a - a +0 short sword (weapon)
The gnoll hits you with a flail!
* * * LOW HITPOINT WARNING * * *
You take 11 damage, and have 2/32 hp.
MASSIVE DAMAGE!!
You closely miss the gnoll.
The gnoll is severely wounded.
You hit the gnoll.
You kill the gnoll!
Trog accepts your kill.
You closely miss the gnoll.
The gnoll is almost dead.
The gnoll misses you.
Unknown command.
You don't know any spells.
Unknown command.
Your skin crawls.
You feel resistant to hostile enchantments.
You feel quite a bit less full. The gnoll hits you.
You die...

█. ███████...... █.█
███████..████ █.█
█(........... █.█
█.██.██...... █
█.████.██.██......
█.█.█...........████
█.█.█>██.██.██...█ █
█...)...██.██...███
██
██@███.............
.████.█


█g█ █...█.██...<.. .....g.███g███...█.██...... ......g.█........█.██..█..█
)████.██)██...........███.. █ ███.......████..█..█ █..████.█ ██...██ █..█ █
██.█.. █..█ █.█.█ You could see 2 gnolls.

Vanquished Creatures
  3 adders
  A gnoll (D:3)
  2 worms (D:2)
  3 dart slugs
  3 leopard geckos
  2 giant cockroaches (D:2)
  9 goblins
  4 hobgoblins (D:1)
  2 jackals (D:2)
  2 quokkas (D:2)
  A ball python (D:1)
  10 bats
  5 frilled lizards (D:1)
  8 kobolds
  9 rats
64 creatures vanquished.

Notes
Turn   | Place    | Note
-------+----------+-------------------------------------------
     0 | D:1      | Goblin1989 the Kobold Berserker began the quest for the Orb.
     0 | D:1      | Reached XP level 1. HP: 14/14 MP: 1/1
   105 | D:1      | Upgraded the game from 0.21.0-30-g47ce8e4 to 0.21.0-37-g46506fa
   131 | D:1      | Reached XP level 2. HP: 15/19 MP: 2/2
   398 | D:1      | Reached skill level 5 in Short Blades
   500 | D:1      | Reached XP level 3. HP: 23/23 MP: 3/3
   684 | D:1      | Reached ** piety under Trog
  1233 | D:2      | Reached skill level 6 in Short Blades
  1330 | D:2      | Reached XP level 4. HP: 28/28 MP: 4/4
  1600 | D:2      | Found a blossoming altar of Fedhas.
  2014 | D:2      | HP: 1/28 [worm (11)]
  2840 | D:3      | Reached skill level 7 in Short Blades
  3100 | D:3      | Found a sparkling altar of Nemelex Xobeh.
  3152 | D:3      | Reached XP level 5. HP: 30/32 MP: 5/5
  3253 | D:3      | Slain by a gnoll

Skill      XL: |  1  2  3  4 |
---------------+-------------+-----
Short Blades   | 5 6 7 |  7.1
Fighting       | |  3.2
Armour         | |  1.5
Dodging        | |  2.4
Stealth        | |  0.7

Action                   |  1- 3 |  4- 6 || total
-------------------------+-------+-------++-------
Melee: Short sword       |   113 |    24 ||   137
       Dagger            |       |   135 ||   135
 Fire: Blowgun           |       |     3 ||     3
Invok: Trog's Hand       |       |     1 ||     1
 Stab: Sleeping          |     1 |     2 ||     3
       Distracted        |     1 |       ||     1
  Eat: Chunk             |     9 |     7 ||    16
Armor: Animal skin       |    13 |    18 ||    31
Dodge: Dodged            |    73 |    70 ||   143

Vault maps used:
D:1:      dpeg_arrival_rhombus
D:2:      fedhas_altar_1
D:3:      first_ration, nemelex_diamond_rough_becter
